 Dungeon Crawl Stone Soup version 0.31.0-32-g396128a36d (webtiles) character file.

Game seed: 9392802491427170073

23 mparten the Caller (level 2, -5/15 HPs)
             Began as a Deep Elf Summoner on Mar 31, 2024.
             Slain by a ribbon worm (7 damage)
             ... on level 2 of the Dungeon.
             The game lasted 00:09:24 (1399 turns).

mparten the Caller (Deep Elf Summoner)              Turns: 1399, Time: 00:09:25

Health: -5/15      AC:  2    Str:  5    XL:     2   Next: 72%
Magic:  3/8        EV:  7    Int: 19    God:
Gold:   125        SH:  0    Dex: 15    Spells: 5/8 levels left

rFire   . . .        (no weapon)
rCold   . . .        (no shield)
rNeg    . . .        a - +0 robe
rPois   .            (no helmet)
rElec   .            (no cloak)
rCorr   .            (no gloves)
SInv    .            (no boots)
Will    .....        (no amulet)
Stlth   ++           (no ring)
HPRegen 0.22/turn    (no ring)
MPRegen 0.11/turn

%: no passive effects
@: held
A: no striking features
a: no special abilities


You were on level 2 of the Dungeon.
You visited 1 branch of the dungeon, and saw 2 of its levels.

You collected 125 gold pieces.

Inventory:

Armour
 a - a +0 robe (worn)
Scrolls
 c - a scroll of blinking {unknown}
 e - a scroll of noise {unknown}
Potions
 b - a potion of magic
 d - a potion of curing {unknown}
 f - a potion of berserk rage {unknown}
 g - a potion of attraction {unknown}


   Skills:
 + Level 2.7 Dodging
 * Level 3.0 Stealth
 * Level 3.5 Spellcasting
 * Level 4.7 Summonings


You had 5 spell levels left.
You knew the following spells:

 Your Spells              Type           Power      Damage    Failure   Level
a - Summon Small Mammal   Summ           84%        N/A       1%          1
b - Call Imp              Summ           42%        N/A       3%          2

Your spell library contained the following spells:

 Spells                   Type           Power      Damage    Failure   Level
 Call Canine Familiar     Summ           21%        N/A       6%          3
 Sigil of Binding         Hex            3%         N/A       41%         3
 Summon Blazeheart Golem  Fire/Summ      12%        N/A       50%         4
 Summon Lightning Spire   Summ/Air       12%        N/A       50%         4
 Dimensional Bullseye     Hex/Tloc       1%         N/A       82%         4


Dungeon Overview and Level Annotations

Branches:
Dungeon (2/15)

Altars:
Xom

Shops:
D:1 (


Message History

Your cerulean imp struggles to get unstuck from the web.
Your cerulean imp struggles to get unstuck from the web.
The ribbon worm bites your cerulean imp!
Your cerulean imp dies!
Your cerulean imp disappears in a puff of smoke!
The ribbon worm misses you.
Casting: Call Imp (safe; 3% risk of failure)
Confirm with . or Enter, or press ? or * to list all spells.
A tiny devil pulls itself out of the air.
The ribbon worm closely misses you.
You now have 4/8 mp.
Unknown command.
Your cerulean imp hits the ribbon worm with a -2 spear.
The ribbon worm barely misses your cerulean imp.
Your cerulean imp hits the ribbon worm with a -2 spear.
The ribbon worm barely misses your cerulean imp.
Your cerulean imp hits the ribbon worm with a -2 spear.
The ribbon worm expels a string of sticky webbing.
The stream of webbing hits your cerulean imp but does no damage.
Your cerulean imp is caught in a web!
Your cerulean imp tears the web.
Your cerulean imp barely misses the ribbon worm.
The ribbon worm bites your cerulean imp.
Your cerulean imp hits the ribbon worm with a -2 spear.
The ribbon worm bites your cerulean imp.
Your cerulean imp hits the ribbon worm but does no damage.
The ribbon worm bites your cerulean imp!
Your cerulean imp dies!
Your cerulean imp disappears in a puff of smoke!
The ribbon worm expels a string of sticky webbing.
The stream of webbing hits you but does no damage.
You are caught in a web!
The ribbon worm bites you!
Ouch! That really hurt!
* * * LOW HITPOINT WARNING * * *
You take 8 damage, and have 2/15 hp.
MASSIVE DAMAGE!!
Casting: Call Imp (safe; 3% risk of failure)
Confirm with . or Enter, or press ? or * to list all spells.
A tiny devil pulls itself out of the air.
The ribbon worm bites you!
You die...

#....#.........# ..
+....#.........#
#.####....#.........#
#.#......##.........#
#....# #..#.........#
#....# #............#
#....###§##...#######
#.....§..####..######
#.)@w...............
#...5...............
.......................
........................
..........!.............
........................
........................
##########..........##'#
.....#...


You could see a ribbon worm (ally target) and a friendly cerulean imp
(summoned).

Vanquished Creatures
  A goblin (D:1)
  A frilled lizard (D:2)
2 creatures vanquished.

Vanquished Creatures (collateral kills)
  A ribbon worm (D:2)
  A ball python (D:2)
  3 bats (D:2)
  2 endoplasms
  2 goblins
  3 hobgoblins
  4 kobolds
  3 rats (D:2)
19 creatures vanquished.

Grand Total: 21 creatures vanquished

Notes
Turn   | Place    | Note
-------+----------+-------------------------------------------
     0 | D:1      | mparten the Deep Elf Summoner began the quest for the Orb.
     0 | D:1      | Reached XP level 1. HP: 10/10 MP: 6/6
   329 | D:1      | Found Uwekkius's Antique Weapon Emporium.
   870 | D:2      | Reached XP level 2. HP: 15/15 MP: 5/8
   975 | D:2      | Found a shimmering altar of Xom.
  1044 | D:2      | Found a faded altar of an unknown god.
  1084 | D:2      | Learned a level 2 spell: Call Imp
  1215 | D:2      | Identified the +1 kite shield of Feuruz {rF- Str+3 Int+8}
  1399 | D:2      | Slain by a ribbon worm

Illustrated notes

Levels and vault maps discovered:
D:1:      nzn_arrival_crosshair, layout_basic, serial_shops,
          nicolae_shop_rolling_square, minmay_misc_feat_enclosed
D:2:      layout_basic, dreamdust_ecumenical_altar_grove, basic_altar

Skill      XL: |  1  2 |
---------------+-------+-----
Stealth        | 3 |  3.0
Dodging        | |  2.7
Spellcasting   | |  3.5
Summonings     | |  4.7

Action                     || total
---------------------------++-------
  Melee: Unarmed           ||    21
   Cast: Summon Small Mamm ||    36
         Call Imp          ||    11
   Stab: Sleeping          ||     1
 Armour: Robe              ||    37
  Dodge: Dodged            ||    46
